 Dungeon Crawl Stone Soup version 0.23-a0-175-g97aacdb (webtiles) character file.

1700 Chirez the Sneak (level 8, 0/36 HPs)
             Began as a Spriggan Summoner on Sept 12, 2018.
             Was a Believer of Vehumet.
             Succumbed to a killer bee's poison
             ... on level 8 of the Dungeon on Sept 18, 2018.
             The game lasted 01:46:54 (9852 turns).

Chirez the Sneak (Spriggan Summoner)                Turns: 9852, Time: 01:46:54

Health: 0/36       AC:  3    Str:  4    XL:     8   Next: 73%
Magic:  18/18      EV: 38    Int: 19    God:    Vehumet [**....]
Gold:   630        SH:  0    Dex: 16    Spells: 8/19 levels left

rFire    + . .     SeeInvis +   f - +1 dagger (freeze)
rCold    x . .     Gourm    .   (shield restricted)
rNeg     + . .     Faith    .   a - +1 robe
rPois    .         Spirit   .   (helmet restricted)
rElec    .         Reflect  .   (no cloak)
rCorr    .         Harm     .   (gloves unavailable)
MR       +....                  (boots unavailable)
Stlth    ++++......             x - amulet of the acrobat
HPRegen  0.12/turn              d - ring of positive energy
MPRegen  0.16/turn              C - ring of fire

@: lethally poisoned (0 -> -6), very quick
A: very small, unfitting armour, see invisible, herbivore, speed 3, slow
metabolism 2
a: Renounce Religion


You were on level 8 of the Dungeon.
You worshipped Vehumet.
Vehumet was pleased with you.
You were not hungry.

You visited 1 branch of the dungeon, and saw 9 of its levels.

You collected 630 gold pieces.

Inventory:

Hand Weapons
 f - a +1 dagger of freezing (weapon)
 u - a +4 dagger
 A - a cursed -2 dagger
Armour
 a - a +1 robe (worn)
Magical Staves
 y - an uncursed staff of death
Jewellery
 d - a ring of positive energy (left hand)
 r - an uncursed amulet of rage
 w - a +2 amulet of reflection
 x - an amulet of the acrobat (around neck)
 C - a ring of fire (right hand)
Wands
 t - a wand of polymorph (15)
 v - a wand of disintegration (12)
 B - a wand of iceblast (16)
 D - a wand of paralysis (22)
 F - a wand of enslavement (11)
Scrolls
 b - 2 scrolls of teleportation
 g - a scroll of random uselessness {unknown}
 k - 3 scrolls of magic mapping
 o - 2 scrolls of identify
 z - a scroll of enchant armour
Potions
 e - a potion of lignification {unknown}
 h - 3 potions of mutation {unknown}
 i - 3 potions of agility
 j - 2 potions of degeneration {unknown}
 l - 2 potions of cancellation {unknown}
 m - a potion of heal wounds {unknown}
 n - 2 potions of magic {unknown}
 p - a potion of flight {unknown}
 q - a potion of might {unknown}
 s - 3 potions of curing {unknown}
 E - 2 potions of ambrosia {unknown}
Comestibles
 c - 6 rations


   Skills:
 + Level 7.6 Dodging
 - Level 7.9 Stealth
 - Level 6.2 Spellcasting
 - Level 1.6 Conjurations
 + Level 1.8 Hexes
 + Level 5.5 Summonings
 - Level 2.3 Poison Magic
 + Level 3.9 Evocations


You had 8 spell levels left.
You knew the following spells:

 Your Spells              Type           Power        Failure   Level  Hunger
a - Summon Small Mammal   Summ           ####         1%          1    None
b - Call Imp              Summ           ####....     1%          2    None
c - Call Canine Familiar  Summ           ####....     3%          3    ##.....
d - Sting                 Conj/Pois      ##..         4%          1    None
e - Magic Dart            Conj           ##..         5%          1    None
f - Summon Guardian Gole  Hex/Summ       ###.....     8%          3    ##.....

Your spell library contained the following spells:

 Spells                   Type           Power        Failure   Level  Hunger
 Beastly Appendage        Tmut           #.....       11%         1    None
 Sticks to Snakes         Tmut           #.......     17%         2    None
 Spider Form              Tmut/Pois      ##........   21%         3    ##.....
 Summon Ice Beast         Ice/Summ       ###.....     34%         4    ####...
 Summon Lightning Spire   Summ/Air       ###.....     34%         4    ####...
 Cause Fear               Hex            ##........   45%         4    ####...
 Ice Form                 Ice/Tmut       #.......     73%         4    ####...
 Silence                  Hex/Air        #.........   91%         5    #####..
 Yara's Violent Unravell  Hex/Tmut       #.........   91%         5    #####..
 Blade Hands              Tmut           #.........   97%         5    #####..
 Deflect Missiles         Chrm/Air       #.........   100%        6    #######
 Discord                  Hex            ##........   100%        8    #######


Dungeon Overview and Level Annotations

Branches:
Dungeon (9/15)             Temple (0/1) D:4
   Lair: D:8-11         Orc: D:9-12

Altars:
Fedhas
Kikubaaqudgha
Vehumet

Annotations:
D:4 Menkaure, Sigmund


Innate Abilities, Weirdness & Mutations

You are very small and have problems with some larger weapons.
You are too small for most types of armour.
You have supernaturally acute eyesight. (SInv)
You are a herbivore.
You cover ground extremely quickly.
You need to consume almost no food.


Message History

You feel sick. The killer bee completely misses you.
* * * LOW HITPOINT WARNING * * *
You feel sick.
* * * LOW HITPOINT WARNING * * *
You feel sick.
* * * LOW HITPOINT WARNING * * *
You feel sick.
* * * LOW HITPOINT WARNING * * *
You feel sick. The killer bee completely misses you.
* * * LOW HITPOINT WARNING * * *
You feel sick.
* * * LOW HITPOINT WARNING * * *
You feel sick.
The killer bee completely misses you. x2
* * * LOW HITPOINT WARNING * * *
You feel sick.
* * * LOW HITPOINT WARNING * * *
You feel sick. The killer bee completely misses you.
You die...

.............(......g##....>.....
...............................##
...(..........................###
...............###...............
...............# ###......>##.###
...............######....#.##.###
..................###.#..#.......
#####..........##.y..............
#...........@.y......<.......
###############.#.##.#.......
#..)##.#....... ##....#.#.......
####.......#.......
#....####).#####.##
######.......###.##
##...).....##... #..).†........#.


You could see 2 killer bees.

Vanquished Creatures
  2 sky beasts (D:7)
  A centaur (D:7)
  2 killer bees (D:9)
  A crimson imp (D:2)
  A hound (D:4)
  Jessica (D:2)
  An adder (D:4)
  2 leopard geckos
  An orc (D:4)
  4 bats
  A giant cockroach (D:1)
  5 hobgoblins
  2 kobolds (D:1)
  6 frilled lizards
  3 rats
33 creatures vanquished.

Vanquished Creatures (collateral kills)
  A hippogriff (D:4)
  An ice beast (D:5)
  An orc warrior (D:7)
  A black bear (D:7)
  2 phantoms
  2 centaurs
  An ogre (D:7)
  3 bullfrogs
  A wyvern zombie (D:8)
  A water moccasin skeleton (D:4)
  A wyvern skeleton (D:6)
  3 scorpions
  2 crimson imps (D:6)
  A bullfrog skeleton (D:5)
  2 hounds
  3 orc wizards
  3 orc priests
  2 centaur skeletons
  A jelly (D:7)
  Terence (D:2)
  2 iguanas
  2 worker ants
  A killer bee zombie (D:7)
  A hound zombie (D:7)
  6 gnolls
  6 adders
  A shadow imp (D:8)
  An adder skeleton (D:6)
  An adder zombie (D:7)
  2 worms
  A dart slug (D:4)
  6 leopard geckos
  18 orcs
  5 bats
  A giant cockroach (D:2)
  5 goblins
  3 hobgoblins
  7 jackals
  5 kobolds
  2 ball pythons
  4 frilled lizards
  A quokka zombie (D:6)
  4 rats
118 creatures vanquished.

Vanquished Creatures (others)
  A human (D:7)
1 creature vanquished.

Grand Total: 152 creatures vanquished

Notes
Turn   | Place    | Note
-------+----------+-------------------------------------------
     0 | D:1      | Chirez the Spriggan Summoner began the quest for the Orb.
     0 | D:1      | Reached XP level 1. HP: 9/9 MP: 5/5
   250 | D:1      | Reached XP level 2. HP: 13/13 MP: 6/6
   258 | D:1      | Learned a level 2 spell: Call Imp
  1176 | D:2      | Reached XP level 3. HP: 16/16 MP: 4/8
  1220 | D:2      | Noticed Terence
  1245 | D:2      | Killed Terence
  1490 | D:2      | Reached XP level 4. HP: 21/21 MP: 5/10
  1578 | D:2      | Found a radiant altar of Vehumet.
  1718 | D:2      | Noticed Jessica
  1722 | D:2      | Killed Jessica
  1729 | D:2      | Learned a level 3 spell: Call Canine Familiar
  2115 | D:2      | Became a worshipper of Vehumet
  2938 | D:4      | Noticed Sigmund
  2938 | D:4      | Noticed a phantom
  3006 | D:4      | Killed a phantom
  3006 | D:4      | Reached skill level 5 in Stealth
  3006 | D:4      | Reached XP level 5. HP: 19/24 MP: 5/12
  3470 | D:4      | Reached * piety under Vehumet
  3470 | D:4      | Offered knowledge of Sting by Vehumet.
  3495 | D:4      | Reached XP level 6. HP: 28/28 MP: 11/13
  3497 | D:4      | Noticed a hippogriff
  3508 | D:4      | Reached skill level 5 in Dodging
  3950 | D:4      | Killed a hippogriff
  4045 | D:4      | Learned a level 1 spell: Sting
  4252 | D:4      | Noticed Menkaure
  4510 | D:5      | Entered Level 5 of the Dungeon
  4514 | D:5      | Noticed an ice beast
  5036 | D:5      | Killed an ice beast
  5036 | D:5      | Reached XP level 7. HP: 32/32 MP: 9/15
  5127 | D:6      | Found a blossoming altar of Fedhas.
  5202 | D:6      | Reached skill level 5 in Spellcasting
  5202 | D:6      | Reached skill level 1 in Poison Magic
  5419 | D:6      | Reached skill level 1 in Conjurations
  5773 | D:6      | Upgraded the game from 0.23-a0-171-g5ae17c6 to
                  | 0.23-a0-175-g97aacdb
  6525 | D:6      | Offered knowledge of Magic Dart by Vehumet.
  6528 | D:6      | Learned a level 1 spell: Magic Dart
  6604 | D:7      | Reached ** piety under Vehumet
  6986 | D:7      | Found an ancient bone altar of Kikubaaqudgha.
  7059 | D:7      | Reached skill level 5 in Summonings
  7059 | D:7      | Reached XP level 8. HP: 31/36 MP: 5/17
  7305 | D:7      | Reached skill level 1 in Evocations
  9065 | D:7      | Learned a level 3 spell: Summon Guardian Golem
  9301 | D:8      | Reached skill level 1 in Hexes
  9768 | D:9      | Noticed a queen bee
  9849 | D:8      | HP: 1/36 [poisoned by a killer bee]
  9852 | D:8      | Succumbed to a killer bee's poison

Vault maps used:
D:1:      dpeg_arrival_rooms_c
D:2:      marbit_many_paths, uniq_terence, uniq_jessica
D:4:      minmay_temple_entry_enclosed_plants, uniq_menkaure, uniq_sigmund
D:5:      first_ration
D:6:      basic_altar
D:7:      tgw_kikubaaqudgha
D:9:      dpeg_oklobed_lair, hangedman_fish_farm, hive_lemuel

Skill      XL: |  1  2  3  4  5  6  7  8 |
---------------+-------------------------+-----
Spellcasting   | 3 4 5 6 |  6.2
Stealth        | 4 5 6 7 |  7.9
Dodging        | 4 5 6 7 |  7.6
Summonings     | 4 5 |  5.5
Poison Magic   | 2 |  2.3
Conjurations   | 1 |  1.6
Evocations     | 3 |  3.9
Hexes          | 1 |  1.8

Action                   |  1- 3 |  4- 6 |  7- 9 || total
-------------------------+-------+-------+-------++-------
Melee: Dagger            |    23 |    26 |       ||    49
       Unarmed           |     4 |       |       ||     4
       Rapier            |       |     4 |    10 ||    14
 Cast: Summon Small Mamm |    14 |     5 |    59 ||    78
       Call Imp          |    21 |    81 |   113 ||   215
       Sting             |       |       |    10 ||    10
       Magic Dart        |       |       |     4 ||     4
       Call Canine Famil |       |       |     2 ||     2
       Summon Guardian G |       |       |     1 ||     1
Evoke: Wand              |       |       |     5 ||     5
  Use: Scroll            |       |     6 |     6 ||    12
 Stab: Sleeping          |     9 |    16 |     9 ||    34
       Distracted        |     2 |       |       ||     2
  Eat: Ration            |       |     2 |     2 ||     4
Armor: Robe              |     2 |     8 |     2 ||    12
Dodge: Dodged            |    40 |    48 |   106 ||   194

Table legend:
 A = Non-vault XP
 B = Vault XP
 C = Vault XP percentage of total XP
 D = Non-vault monster count
 E = Vault monster count
 F = Vault count percentage of total count
                 A         B        C        D         E       F
            +---------+---------+-------+---------+---------+-------
      Total |    2373 |      56 |   2.3 |     148 |       3 |   2.0
            +---------+---------+-------+---------+---------+-------
        D:1 |      21 |       0 |   0.0 |      17 |       0 |   0.0
        D:2 |      70 |      56 |  44.4 |      23 |       3 |  11.5
        D:3 |      31 |       0 |   0.0 |      22 |       0 |   0.0
        D:4 |     376 |       0 |   0.0 |      20 |       0 |   0.0
        D:5 |     201 |       0 |   0.0 |       8 |       0 |   0.0
        D:6 |     370 |       0 |   0.0 |      17 |       0 |   0.0
        D:7 |     961 |       0 |   0.0 |      27 |       0 |   0.0
        D:8 |     218 |       0 |   0.0 |      12 |       0 |   0.0
        D:9 |     125 |       0 |   0.0 |       2 |       0 |   0.0
            +---------+---------+-------+---------+---------+-------
